 Dungeon Crawl Stone Soup version 0.23.1 (webtiles) character file.

Game seed: 0

455 Borgoz the Cutter (level 7, -3/50 HPs)
             Began as a Ghoul Enchanter on Mar 13, 2019.
             Slain by a gnoll
             ... wielding a +0 halberd
              (13 damage)
             ... on level 3 of the Dungeon.
             The game lasted 00:14:03 (6021 turns).

Borgoz the Cutter (Ghoul Enchanter)                 Turns: 6021, Time: 00:14:04

Health: -3/50      AC:  3    Str: 12    XL:     7   Next: 5%
Magic:  8/8        EV: 13    Int: 10    God:
Gold:   90         SH:  0    Dex: 11    Spells: 3/9 levels left

rFire    . . .     SeeInvis .   n - +1 dagger (venom)
rCold    + . .     Gourm    .   (no shield)
rNeg     + + +     Faith    .   b - +0 robe
rPois    ∞         Spirit   .   (no helmet)
rElec    .         Reflect  .   a - +0 cloak {rPois}
rCorr    .         Harm     .   (no gloves)
MR       .....                  (no boots)
Stlth    ++........             (no amulet)
HPRegen  0.00/turn              (no ring)
MPRegen  0.11/turn              (no ring)

@: rotting
A: rotting body, claws 1, carnivore, cold resistance 1, negative energy
resistance 3, inhibited regeneration, torment resistance, unbreathing
a: no special abilities


You were on level 3 of the Dungeon.
You were not hungry.

You visited 1 branch of the dungeon, and saw 4 of its levels.

You collected 90 gold pieces.

Inventory:

Hand Weapons
 n - a +1 dagger of venom (weapon)
Missiles
 l - 2 throwing nets (quivered)
Armour
 a - a +0 cloak of poison resistance (worn)
 b - a +0 robe (worn)
Wands
 h - a wand of iceblast (2)
Scrolls
 f - a scroll of amnesia
 i - 3 scrolls of remove curse
 o - a scroll of fog
Potions
 e - a potion of invisibility {unknown}
 g - a potion of resistance
Comestibles
 c - 7 chunks of flesh
 d - 5 rations


   Skills:
 * Level 4.2 Short Blades
 + Level 3.4 Armour
 + Level 3.5 Dodging
 - Level 3.2 Stealth
 - Level 1.7 Spellcasting
 - Level 2.4 Hexes


You had 3 spell levels left.
You knew the following spells:

 Your Spells              Type           Power        Failure   Level  Hunger
a - Corona                Hex            #......      12%         1    ##.....
b - Ensorcelled Hibernat  Hex/Ice        #.....       30%         2    ###....
c - Confuse               Hex            #.......     34%         3    ####...

Your spell library contained the following spells:

 Spells                   Type           Power        Failure   Level  Hunger
 Tukima's Dance           Hex            #.......     34%         3    ####...
 Dazzling Spray           Conj/Hex       #.....       52%         3    ####...


Dungeon Overview and Level Annotations

Branches:
Dungeon (4/15)
 Temple: D:4-7

Altars:
Fedhas
Hepliaklqana
Qazlal
Uskayaw


Innate Abilities, Weirdness & Mutations

Your body is rotting away.
You thrive on raw meat.
You are immune to poison.
You have sharp fingernails.
You are carnivorous and can eat meat at any time.
Your flesh is cold resistant. (rC+)
You are immune to negative energy. (rN+++)
You do not regenerate when monsters are visible.
You are immune to unholy pain and torment.
You can survive without breathing.


Message History

You hit the gnoll but do no damage.
The gnoll is poisoned.
The gnoll hits you with a +0 club. The gnoll barely misses you.
The gnoll hits you with a +0 whip. The gnoll completely misses you.
You kill the gnoll!
The gnoll hits you from afar with a +0 halberd!
* * * LOW HITPOINT WARNING * * *
The gnoll barely misses you.
The gnoll looks more healthy.
The gnoll shaman calls upon its god to speed up the gnoll.
The gnoll seems to speed up.
The gnoll looks more healthy.
You kill the gnoll!
You see here a +0 club.
The gnoll shaman calls upon its god to heal the gnoll.
The gnoll is healed somewhat.
There is an open door, spattered with blood here.
The gnoll barely misses you.
The gnoll hits you from afar with a +0 halberd!
You die...

###...##### #.######.#.# #...#.#
..'...'...###.....##)#.###.....#
###...#..........)##.#..##..#####
#...#...........'.)............
#####......#....##.##.##..#####
#......#....##.##.##..#
#......#.)..##.##..#..#####
#......#....##.###.#....)..
#.......g.@....# #..#.####.
###...#g######## ##.#.# #.
###'#'###### #...# #.
#....).....# ##).# #.
#.....g....# #..####.
#..........# #.>.....
#..........# ########
#.....)....# #........g.#


You could see 2 gnolls.

Vanquished Creatures
  An ogre (D:2)
  An orc priest (D:3)
  An orc wizard (D:3)
  15 gnolls
  6 adders
  An ooze (D:3)
  3 worms
  3 dart slugs
  2 leopard geckos
  3 orcs (D:3)
  9 giant cockroaches
  10 goblins
  9 hobgoblins
  14 jackals (D:3)
  2 quokkas
  8 bats
  6 frilled lizards
  3 kobolds
  5 rats
102 creatures vanquished.

Notes
Turn   | Place    | Note
-------+----------+-------------------------------------------
     0 | D:1      | Borgoz the Ghoul Enchanter began the quest for the Orb.
     0 | D:1      | Reached XP level 1. HP: 14/14 MP: 2/2
    10 | D:1      | Reached skill level 1 in Short Blades
   240 | D:1      | Reached XP level 2. HP: 14/20 MP: 3/3
   500 | D:1      | Reached skill level 1 in Armour
   856 | D:2      | Reached XP level 3. HP: 17/26 MP: 4/4
   944 | D:2      | Reached skill level 2 in Short Blades
  1291 | D:2      | Reached XP level 4. HP: 15/33 MP: 5/5
  1462 | D:2      | Learned a level 2 spell: Ensorcelled Hibernation
  1466 | D:2      | Learned a level 3 spell: Confuse
  2294 | D:2      | Found a stormy altar of Qazlal.
  2297 | D:2      | Found a hazy altar of Hepliaklqana.
  2300 | D:2      | Found a hide-covered altar of Uskayaw.
  2413 | D:3      | Found a blossoming altar of Fedhas.
  2491 | D:3      | Reached XP level 5. HP: 35/38 MP: 6/6
  3248 | D:3      | Reached skill level 3 in Short Blades
  3909 | D:3      | Noticed an ogre
  3909 | D:3      | HP: 1/38 [gnoll/+0 flail (6)]
  4192 | D:2      | Reached XP level 6. HP: 22/45 MP: 7/7
  4214 | D:2      | HP: 2/45 [ogre/+0 giant spiked club (14)]
  4552 | D:4      | Noticed a phantom
  4794 | D:3      | HP: 2/45 [orc priest/divine providence (9)]
  4804 | D:3      | Reached skill level 4 in Short Blades
  4811 | D:3      | HP: 2/45 [phantom (6)]
  5953 | D:3      | Reached XP level 7. HP: 38/50 MP: 8/8
  6021 | D:3      | Slain by a gnoll

Skill      XL: |  1  2  3  4  5  6 |
---------------+-------------------+-----
Short Blades   | 1 2 3 4 |  4.2
Dodging        | 2 3 |  3.5
Armour         | 1 2 3 |  3.4
Stealth        | |  3.2
Spellcasting   | |  1.7
Hexes          | |  2.4

Action                   |  1- 3 |  4- 6 |  7- 9 || total
-------------------------+-------+-------+-------++-------
Melee: Dagger            |    64 |   310 |    10 ||   384
       Short sword       |    53 |    74 |       ||   127
 Cast: Ensorcelled Hiber |       |    11 |       ||    11
       Confuse           |       |     1 |       ||     1
  Use: Scroll            |     1 |     5 |       ||     6
       Potion            |     1 |     6 |       ||     7
 Stab: Sleeping          |     4 |     6 |       ||    10
       Confused          |       |     2 |       ||     2
  Eat: Chunk             |     7 |    20 |     2 ||    29
Armor: Robe              |    17 |    69 |     1 ||    87
Dodge: Dodged            |    80 |   264 |    15 ||   359
